[Event "Early-Titled-Tuesday-Blitz-October-03-2023"]
[Site "Chess.com"]
[Date "2023.10.03"]
[Round "10"]
[White "Russian_berezka"]
[Black "GaiozNigalidze"]
[Result "1/2-1/2"]
[WhiteElo "2632"]
[BlackElo "2742"]
[TimeControl "180+1"]
[EndTime "9:58:48 PDT"]
[Termination "Game drawn by repetition"]

1. d4 Nf6 2. c4 e6 3. Nc3 Bb4 4. e3 O-O 5. Bd2 d6 6. Nf3 Nbd7 7. a3 Bxc3 8. Bxc3 b6 9. b3 Bb7 10. Be2 Ne4 11. Bb2 a5 12. Qc2 f5 13. O-O Qe8 14. d5 e5 15. b4 Qg6 16. Nd2 Ng5 17. f4 exf4 18. exf4 Ne4 19. Bd3 Nxd2 20. Qxd2 Nf6 21. Rae1 axb4 22. axb4 Rae8 23. Rxe8 Rxe8 24. Re1 Ne4 25. Qc2 Bc8 26. Qa4 Qf7 27. Qa1 b5 28.
cxb5 Qxd5 29. Qd1 Bb7 30. Qc2 Qf7 31. Bc4 d5 32. Bd3 h6 33. Be5 Re7 34. Ra1 Kh7 35. Ra7 Bc8 36. Rxc7 Rxc7 37. Qxc7 Qxc7 38. Bxc7 Bb7 39.
b6 Kg6 40. Kf1 Kf7 41. Be5 g6 42. Ke2 Ke7 43. Ke3 Kd7 44. Bb5+ Ke7 45. Kd4 Nd2 46. Bd3 Ne4 47. Bb5 h5 48. Bd3 Nd2 49. g3 Ne4 50. Be2 Kd7 51. Bb5+ Ke7 52. Bf1 Nd2 53. Bg2 Ne4 54.
Bxe4 dxe4 55. Bc7 Ke6 56. Be5 Bc6 57. Kc5 Bb7 58. Bd4 Kd7 59. Be3 Ke6 60. Bc1 Kd7 61. h4 Ke6 62. Bd2 Kd7 63. Be3 Ke6 64. Bd4 Kd7 65.
b5 Ke6 66. Be3 Kd7 67. Kd4 Ke6 68. Bc1 Kd6 69. Ba3+ Ke6 70. Bc5 Kf6 71. Bd6 Ke6 72.
Be5 Kd7 73. Bc7 Ke6 74. Be5 Kd7 75. Bg7 Ke6 76. Bf8 Kf6 77. Bb4 Ke6 78. Bd2 Ba8 79. Kc5 Bb7 80. Be3 Kd7 81. Bd4 Ke6 82. Be3 1/2-1/2

[Event "Early-Titled-Tuesday-Blitz-October-03-2023"]
[Site "Chess.com"]
[Date "2023.10.03"]
[Round "10"]
[White "Sanyura"]
[Black "koncheto"]
[Result "1/2-1/2"]
[WhiteElo "2655"]
[BlackElo "2548"]
[TimeControl "180+1"]
[EndTime "9:58:56 PDT"]
[Termination "Game drawn by repetition"]

1. Nf3 Nf6 2. g3 b6 3. Bg2 Bb7 4. O-O c5 5. d3 e6 6. Nbd2 Be7 7. e4 O-O 8. a4 d5 9. exd5 Nxd5 10. Nc4 Nc6 11.
a5 b5 12. a6 Bc8 13. Nfe5 Qc7 14. Nxc6 Qxc6 15. Ne5 Qc7 16. Re1 Rb8 17. c4 Nb4 18.
Bf4 Bd6 19. cxb5 Rxb5 20. Qh5 Nc2 21. Be4 f5 22. Bc6 Rb6 23. Bg2 Nxa1 24. Nc4 Bxf4 25. Nxb6 axb6 26. Rxa1 Bd6 27. Qe2 Qa7 28. Bb7 Bxb7 29.
Qxe6+ Kh8 30. Qxd6 Ra8 31. h4 h6 32. axb7 Qxa1+ 33. Kg2 b5 34. b8=Q+ Rxb8 35. Qxb8+ Kh7 36. Qxb5 Qa7 37. Qc6 Qe7 38. Qd5 Qf8 39. h5 Kh8 40.
b3 Kh7 41. Kf3 Kh8 42. Kf4 Qb8+ 43. Kxf5 Qf8+ 44. Kg4 Qxf2 45. Qa8+ Kh7 46. Qe4+ Kh8 47. Qf4 Qe2+ 48. Qf3 Qe6+ 49. Qf5 Qxb3 50. Kf4 Qc3 51. Qd5 Kh7 52. Qe4+ Kh8 53. Kg4 Qc1 54. Qf4 Qd1+ 55.
Qf3 Qc1 56. Kf5 Qg5+ 57. Ke6 Qd8 58. Qd5 Qc7 59. Qd6 Qc8+ 60. Ke7 Qg4 61. Qxc5 Qxg3 62. Qc8+ Kh7 63. Qf5+ Kh8 64. d4 Qe3+ 65. Qe5 Qa3+ 66.
Ke6 Qa6+ 67. Kd7 Qb7+ 68. Ke8 Qc8+ 69. Kf7 Qd7+ 70. Kg6 Qc6+ 71. Kf5 Qf3+ 72. Ke6 Qc6+ 73. Qd6 Qe4+ 74. Kd7 Qf5+ 75. Qe6 Qxh5 76. Qe8+ Qxe8+ 77. Kxe8 g5 78. d5 g4 79. d6 g3 80. d7 g2 81. d8=Q g1=Q 82. Kf7+ Kh7 83. Qd3+ Kh8 84. Qc3+ Kh7 85. Qd3+ Kh8 86. Qd8+ Kh7 87. Qd3+ 1/2-1/2

[Event "Early-Titled-Tuesday-Blitz-October-03-2023"]
[Site "Chess.com"]
[Date "2023.10.03"]
[Round "10"]
[White "CSB7"]
[Black "Elsa167"]
[Result "0-1"]
[WhiteElo "2756"]
[BlackElo "2918"]
[TimeControl "180+1"]
[EndTime "9:58:58 PDT"]
[Termination "Elsa167 won on time"]

1. e4 e6 2. Nc3 d5 3. Nf3 Nf6 4. e5 Nfd7 5. Ne2 c5 6. c3 b6 7.
d4 Ba6 8. h4 Be7 9. Nf4 Bxf1 10. Kxf1 Nc6 11. Be3 h6 12. g3 Qc8 13. Kg2 Qa6 14.
b3 O-O-O 15. g4 Kb8 16. Qb1 Rc8 17. Nh5 g6 18. Nf4 cxd4 19. cxd4 Nb4 20. Ne1 Bxh4 21. Nxg6 fxg6 22. Rxh4 g5 23. Rh3 Qe2 24. Qd1 Qxd1 25. Rxd1 Nxa2 26. Nf3 a5 27. Rdh1 b5 28. Ra1 Rc2 29.
Nxg5 Rg8 30. Rxh6 a4 31. bxa4 b4 32. Nxe6 Nc3 33. Nc5 Nxc5 34. dxc5 b3 35. Rb6+ Kc7 36. Rxb3 d4 37. Bxd4 Rxg4+ 38. Kf3 Rxd4 39. Rh1 Kc6 40. Rh8 Rd3+ 41. Kg2 Rdd2 42. Rc8+ Kd7 43. Rf8 Ne4 44.
Rbf3 Rxc5 45. R3f7+ Ke6 46. Rf4 Rxe5 47. Re8+ Kd5 48. Rxe5+ Kxe5 49. Rf8 Ra2 50. Re8+ Kf4 51. Rf8+ Ke5 52. Re8+ Kf5 53. Rf8+ Kg6 54. Rg8+ Kf7 55. Rg4 Rxf2+ 56. Kg1 Re2 57. Kf1 Re3 58. a5 Nf6 59.
Rf4 Ra3 60. Kf2 Rxa5 61. Rf3 Ra4 62. Rd3 Ke6 63. Kf3 Nd7 64. Rb3 Ne5+ 65. Kg3 Kf5 66. Kf2 Ra2+ 67. Kg3 Ra4 68. Rb5 Ra3+ 69. Kf2 Kf4 70.
Rb4+ Kf5 71. Rb5 Rc3 72. Ra5 Rc2+ 73. Ke3 Rc3+ 74. Kd2 Rc8 75. Ke2 Ke4 76. Ra4+ Kd5 77. Ra5+ Kd4 78. Ra4+ Nc4 79. Ra7 Re8+ 80. Kf2 Nd6 81.
Ra4+ Ke5 82. Ra5+ Kf4 83. Ra4+ Ne4+ 84. Ke2 Rd8 85. Rb4 Rd2+ 86. Ke1 Ra2 87. Rb8 Kf3 88. Re8 Ke3 0-1

[Event "Early-Titled-Tuesday-Blitz-October-03-2023"]
[Site "Chess.com"]
[Date "2023.10.03"]
[Round "10"]
[White "Iball95"]
[Black "vugarrasulov"]
[Result "1/2-1/2"]
[WhiteElo "2778"]
[BlackElo "2941"]
[TimeControl "180+1"]
[EndTime "9:59:33 PDT"]
[Termination "Game drawn by 50-move rule"]

1. e4 a6 2. d4 e6 3. Nc3 d5 4. Bd3 Nf6 5. Nf3 c5 6. exd5 exd5 7. O-O c4 8. Re1+ Be7 9. Bf1 O-O 10. h3 b5 11. Ne5 Bb7 12. Bf4 Nc6 13. g4 Nxe5 14. dxe5 Ne8 15. Bg2 Nc7 16. Be3 Qd7 17. Ne2 Rad8 18.
Nd4 Ne6 19. Qd2 Nxd4 20. Bxd4 h5 21. gxh5 Qf5 22. Qe2 Bc8 23. Rad1 Be6 24. c3 Kh7 25. Qf3 Qxf3 26. Bxf3 Rd7 27. Bg4 Bg5 28. Be3 Bxe3 29. Rxe3 Kh6 30. f4 Rdd8 31. Kf2 Rfe8 32. Kg3 a5 33. Rd2 b4 34. Re1 a4 35. a3 bxc3 36. bxc3 Rb8 37. f5 Bc8 38. Rxd5 Rb3 39. Re3 Rxa3 40. e6 fxe6 41. fxe6 Rb3 42. e7 Bxg4 43.
hxg4 Rb7 44. Re6+ Kh7 45. Rc5 Rbxe7 46. Rxe7 Rxe7 47. Rxc4 Ra7 48. Rb4 a3 49. Rb1 Kh6 50. Kf4 Ra4+ 51. Kf5 Ra5+ 52. Kf4 Ra4+ 53. Kf5 a2 54.
Ra1 Ra5+ 55. Kf4 Kh7 56. c4 Kg8 57. g5 Kf7 58. Kg4 Ra4 59. Kf5 Ra5+ 60. Kg4 Ke6 61. h6 gxh6 62. gxh6 Kf6 63. h7 Kg7 64. c5 Kxh7 65.
c6 Kg7 66. c7 Rc5 67. Rxa2 Rc4+ 68. Kg5 Rxc7 69. Ra5 Rd7 70. Rf5 Rd1 71. Ra5 Rg1+ 72. Kf5 Rf1+ 73. Kg5 Rg1+ 74. Kf5 Rh1 75. Kg5 Rb1 76.
Ra7+ Kf8 77. Kf6 Rb6+ 78. Kf5 Rh6 79. Ra8+ Ke7 80. Ra7+ Kd8 81. Rg7 Ke8 82. Ra7 Rb6 83. Ra8+ Kd7 84. Ra7+ Kd6 85. Ra5 Rb1 86. Ra2 Rf1+ 87.
Ke4 Re1+ 88. Kf5 Kd5 89. Rd2+ Kc4 90. Rd8 Rf1+ 91. Ke5 Re1+ 92. Kf4 Kc5 93. Rc8+ Kd6 94. Rd8+ Ke7 95. Ra8 Rb1 96. Ke5 Rb5+ 97. Ke4 Rh5 98. Ra7+ Kd6 99. Ra6+ Kc7 100. Ra7+ Kc6 101. Rf7 Kd6 102. Rf6+ Ke7 103. Ra6 Rh4+ 104. Ke5 Rh5+ 105. Ke4 Rh1 106. Ke5 Re1+ 107. Kd5 Re2 108. Rb6 Kf7 109. Ra6 Rd2+ 110. Ke5 Rb2 111. Kf5 Rb5+ 112. Ke4 Rc5 113. Kf4 Ke7 114. Ke4 Kd7 115. Kd4 Rh5 116. Rg6 Kc7 117. Ke4 Kd7 118. Kd4 Ke7 1/2-1/2

[Event "Early-Titled-Tuesday-Blitz-October-03-2023"]
[Site "Chess.com"]
[Date "2023.10.03"]
[Round "10"]
[White "Polish_fighter3000"]
[Black "ShiroglanTalibov"]
[Result "1/2-1/2"]
[WhiteElo "3069"]
[BlackElo "2921"]
[TimeControl "180+1"]
[EndTime "9:59:52 PDT"]
[Termination "Game drawn by 50-move rule"]

1. g4 a5 2. Bg2 a4 3. h4 d5 4. g5 e5 5. c4 dxc4 6. Qc2 c6 7. Nf3 Bd6 8. Qxc4 Be6 9. Qe4 Nd7 10. d4 f5 11. Qc2 e4 12. Nfd2 Ne7 13. Nc4 Bc7 14. Bd2 Nd5 15. f3 exf3 16. Bxf3 O-O 17. Ne3 N7b6 18. Ng2 Qd6 19. Na3 Qg3+ 20. Kf1 Rae8 21. b3 axb3 22. axb3 Ra8 23. Qc1 Qd6 24. Nc4 Rxa1 25. Qxa1 Qe7 26. Kf2 Nc8 27. Qa3 Nd6 28. Ra1 Ne4+ 29. Ke1 Qd7 30. Qa7 Bb8 31. Qa3 b5 32. Ne5 Bxe5 33. dxe5 Nxd2 34. Kxd2 Nf4+ 35. Qd6 Qxd6+ 36. exd6 Nxg2 37. Bxg2 Rd8 38. Ra6 Rxd6+ 39. Kc3 b4+ 40. Kc2 Bd7 41. Rb6 Rd4 42. Bxc6 Bxc6 43.
Rxc6 Rxh4 44. g6 hxg6 45. Rxg6 Kf7 46. Rb6 g6 47. Kd3 Re4 48. e3 g5 49. Rb5 Kf6 50.
Rb6+ Kf7 51. Rb5 Kg6 52. Rb6+ Kh5 53. Rb5 Kg4 54. Kd2 Re6 55. Rxb4+ Kf3 56. Rb5 Rd6+ 57. Ke1 Rf6 58. Re5 g4 59. Kf1 g3 60. b4 Rb6 61. Rxf5+ Ke4 62. Rg5 Kxe3 63. Rxg3+ Kd4 64.
Rg4+ Kc3 65. Ke2 Rxb4 66. Rg3+ Kc4 67. Rg4+ Kb5 68. Rg8 Rc4 69. Kd3 Rc6 70. Rb8+ Rb6 71. Rd8 Kc6 72. Kc4 Kc7 73. Rh8 Rd6 74. Kc5 Rd7 75.
Rh6 Rg7 76. Rc6+ Kb8 77. Re6 Kb7 78. Re5 Rd7 79. Kb5 Rc7 80. Re6 Rd7 81. Rb6+ Kc7 82. Rc6+ Kd8 83. Rh6 Ke7 84. Kc6 Rd1 85. Rh2 Kf6 86.
Re2 Kf5 87. Re8 Kf4 88. Kc5 Kf3 89. Kc4 Kf4 90. Kc3 Kf5 91. Rf8+ Ke6 92. Rh8 Kf7 93. Rh2 Kg7 94. Rf2 Rd8 95. Kc4 Kg6 96. Ra2 Kg5 97. Ra7 Kf4 98. Rg7 Kf5 99. Rg1 Kf4 100. Rb1 Kf3 101.
Kc3 Kf2 102. Rb2+ Kf3 103. Rb3 Kf4 104. Rb4+ Kf3 105. Ra4 Ke3 106. Ra7 Rc8+ 107. Kb4 Kd3 108. Rd7+ Ke4 109. Kb5 Ke5 110. Kb6 Rc1 111. Rd2 Ke4 112. Kb5 Ke3 113. Rb2 Rc8 114. Rh2 Rb8+ 115. Kc4 Rf8 1/2-1/2

[Event "Early-Titled-Tuesday-Blitz-October-03-2023"]
[Site "Chess.com"]
[Date "2023.10.03"]
[Round "10"]
[White "borocotoajua"]
[Black "JoakimVonAnd"]
[Result "1/2-1/2"]
[WhiteElo "2614"]
[BlackElo "2731"]
[TimeControl "180+1"]
[EndTime "10:00:08 PDT"]
[Termination "Game drawn by 50-move rule"]

1. d4 Nf6 2. Nf3 c5 3. d5 e6 4.
c4 exd5 5. cxd5 d6 6. Nc3 g6 7. e4 a6 8. a4 Bg4 9. Be2 Bxf3 10.
Bxf3 Bg7 11. O-O Nbd7 12. g3 O-O 13. Re1 Re8 14. Bg2 Rb8 15. a5 b5 16. axb6 Rxb6 17. Bf1 Qc8 18. Qa4 Ne5 19. Be2 Rb4 20. Qxa6 Nxe4 21.
Qxc8 Rxc8 22. Nxe4 Rxe4 23. Bf4 Rb8 24. Rab1 h5 25.
b3 Reb4 26. Bxe5 Bxe5 27. Bc4 Kg7 28. Kg2 Bc3 29. Rec1 Bd4 30. Rd1 Ra8 31. Re1 h4 32. Re2 Rh8 33. h3 hxg3 34. fxg3 Be5 35. Ra2 Rhb8 36.
Rf1 R4b7 37. Raf2 Ra8 38. Re2 Ra3 39. Rf3 Rba7 40. Ref2 Ra1 41. Rf1 R1a2+ 42. R1f2 R2a3 43. g4 Bd4 44. Rf1 Ra2+ 45. Kh1 Rd2 46. Bb5 Re7 47. Bc4 Kg8 48. h4 Ra7 49. h5 Raa2 50. Rh3 Be5 51. b4 Rh2+ 52. Rxh2 Rxh2+ 53. Kg1 cxb4 54. hxg6 fxg6 55.
Rf6 Kg7 56. Re6 Rc2 57. Re7+ Kf6 58. Rc7 b3 59. Rc6 b2 60. Bd3 Rd2 61. Be4 Re2 62.
Bd3 Rd2 63. Be4 Kg5 64. Kf1 Rd4 65. Bc2 Rxd5 66. Ke2 Rc5 67. Rxc5 dxc5 68. Kf3 Bd4 69. Ke4 Kh4 70. Kd5 g5 71. Bf5 Kh3 72. Kc4 Kg3 73. Kb3 Kf4 74. Kc2 Ke3 75. Be6 Kf4 76. Bf5 c4 77. Be6 Ke5 78. Bf5 Kf4 79. Be6 Bf6 80.
Bf5 Kf3 81. Be6 c3 82. Bf5 Kf4 83. Be6 Ke5 84. Bc8 Kd4 85. Bf5 Kc4 86. Be6+ Kb4 87.
Bf5 Kc4 88. Be6+ Kb4 89. Bf5 Ka4 90. Kb1 Ka3 91. Bc2 Kb4 92. Bf5 Kb3 93. Bc2+ Kc4 94. Bf5 Kd4 95. Kc2 Ke3 96. Bg6 Ke2 97. Bf5 Ke1 98. Bg6 Ke2 99. Bf5 Kf2 100. Bg6 Ke3 101. Bf5 Kf3 102. Be6 Kf4 103. Bf5 Ke3 104. Bd7 Kf3 105. Bf5 Ke2 106. Be6 Ke3 107. Bf5 Kd4 108. Be6 Kc5 109. Bf5 Kb4 110. Be6 Be5 111. Bf5 Bf4 112. Be6 Bd2 113. Bf5 Ka3 114. Be6 Be1 115. Bd5 Bd2 116. Be6 Be1 117. Bd5 Bg3 118. Be6 Be5 119. Bd5 Bd4 120. Be6 Kb4 121. Bd5 Be5 122. Be6 Kc5 123. Bf5 Kd4 124. Be6 Ke3 125. Bf5 Kf4 126. Bd7 Ke3 127. Bf5 Ke2 128. Kb1 Kd2 129. Bg6 Bd4 130. Bf5 Bf6 131. Bg6 Kd1 1/2-1/2

[Event "Early-Titled-Tuesday-Blitz-October-03-2023"]
[Site "Chess.com"]
[Date "2023.10.03"]
[Round "10"]
[White "Actuary44"]
[Black "MokshAD1603"]
[Result "1-0"]
[WhiteElo "2517"]
[BlackElo "2593"]
[TimeControl "180+1"]
[EndTime "10:00:10 PDT"]
[Termination "Actuary44 won by checkmate"]

1. e4 c5 2. d4 cxd4 3. c3 d5 4. exd5 Qxd5 5. cxd4 Nc6 6. Nf3 Bg4 7. Be2 Nf6 8. Nc3 Qa5 9. O-O e6 10. h3 Bh5 11.
Be3 Be7 12. Qb3 O-O 13. Qxb7 Rfc8 14. Qb5 Rab8 15. Qxa5 Nxa5 16. Rab1 Bg6 17. Rbc1 Kf8 18.
Ba6 Rc6 19. Bb5 Rxc3 20. Rxc3 Rxb5 21. Rc8+ Ne8 22. Ne5 Bd6 23. b3 Ke7 24. Rfc1 Be4 25. f3 Bb7 26. R8c2 Nf6 27. Rc7+ Bxc7 28. Rxc7+ Kd8 29. Rxf7 Nc6 30. Rxg7 Nd5 31. Bg5+ Kc8 32. Nc4 Rb4 33. Rxh7 Ba6 34. Nd6+ Kb8 35. h4 Rxd4 36. h5 Bd3 37. Rh8+ Kc7 38. Ne8+ Kd7 39. h6 Bg6 40. Nf6+ Nxf6 41. Bxf6 Rf4 42. h7 Bxh7 43. Rxh7+ Kd6 44. Bc3 Rf5 45. Kf2 Rc5 46. Bd2 Rc2 47. Ke2 Rxa2 48. Kd3 Rb2 49. Kc3 Ra2 50. g4 Ne5 51. Bf4 Kd5 52. g5 Nxf3 53. g6 Rg2 54.
g7 e5 55. Bh6 Nd4 56. Rh8 Nf5 57. g8=Q+ Rxg8 58. Rxg8 Nxh6 59. Rd8+ Ke6 60. Ra8 Nf5 61. Rxa7 Nd6 62. Ra8 Kd5 63. b4 e4 64. Rd8 Kc6 65. Kd4 Kc7 66. Rh8 Kc6 67. Rh6 Kc7 68. Kd5 Nf5 69. Rh7+ Kb6 70. Kxe4 Nd6+ 71. Kd5 Nb5 72. Kc4 Nd6+ 73. Kd5 Nb7 74. Rh6+ Kb5 75. Rh7 Nd8 76. Kd6 Nc6 77. Rh5+ Kb6 78. b5 Nd4 79. Kd5 Nxb5 80. Kc4 Nd6+ 81. Kb4 Kc6 82. Rh6 Kd5 83. Rh5+ Kc6 84. Kc3 Nb5+ 85. Kc4 Nd6+ 86. Kd4 Nb5+ 87. Ke5 Kc5 88. Rh1 Nd6 89. Rc1+ Nc4+ 90. Ke4 Kb5 91. Kd4 Nb6 92. Rb1+ Kc6 93. Rc1+ Kd6 94. Rh1 Kc6 95. Rh5 Kd6 96. Rh6+ Kc7 97. Kc5 Nd7+ 98. Kb5 Kd8 99. Rh7 Nf6 100. Rf7 Nd7 101. Rg7 Ke8 102. Kc6 Nf6 103. Kd6 Kf8 104. Ra7 Ne8+ 105. Ke6 Ng7+ 106. Kf6 Ne8+ 107. Kg6 Kg8 108. Ra8 Kf8 109. Ra7 Kg8 110. Rf7 Nd6 111. Rd7 Ne8 112. Re7 Kf8 113. Rf7+ Kg8 114. Rf4 Nd6 115. Rd4 Ne8 116. Re4 Nd6 117. Re6 Nf5 118. Re8# 1-0

[Event "Early-Titled-Tuesday-Blitz-October-03-2023"]
[Site "Chess.com"]
[Date "2023.10.03"]
[Round "11"]
[White "LeoWin2012"]
[Black "Aleksandar-Topalov"]
[Result "1-0"]
[WhiteElo "2330"]
[BlackElo "2403"]
[TimeControl "180+1"]
[EndTime "10:02:02 PDT"]
[Termination "LeoWin2012 won by resignation"]

1. e4 e6 2. d4 d5 3. exd5 exd5 4. Bd3 Bd6 5. Nf3 Ne7 6. h3 f6 7. O-O O-O 8. c4 c6 9. Nc3 Be6 10. Re1 Bf7 11. Qe2 Nd7 12. c5 1-0

[Event "Early-Titled-Tuesday-Blitz-October-03-2023"]
[Site "Chess.com"]
[Date "2023.10.03"]
[Round "11"]
[White "FERNANDEZL1983"]
[Black "Roedor"]
[Result "1-0"]
[WhiteElo "2595"]
[BlackElo "2415"]
[TimeControl "180+1"]
[EndTime "10:02:07 PDT"]
[Termination "FERNANDEZL1983 won by resignation"]

1. e4 e5 2. Nf3 Nc6 3. Bc4 Bc5 4. O-O Nf6 5. d4 Bxd4 6. Nxd4 Nxd4 7. Be3 Nc6 8. f4 d6 9. f5 O-O 10. Nc3 h6 11.
Nd5 Nxd5 12. Bxd5 Ne7 13. f6 Nxd5 14. exd5 c6 15. Qh5 1-0

[Event "Early-Titled-Tuesday-Blitz-October-03-2023"]
[Site "Chess.com"]
[Date "2023.10.03"]
[Round "11"]
[White "PawnEatingZombie"]
[Black "Magila31"]
[Result "0-1"]
[WhiteElo "2167"]
[BlackElo "2381"]
[TimeControl "180+1"]
[EndTime "10:02:56 PDT"]
[Termination "Magila31 won by resignation"]

1. e4 g6 2. d4 Bg7 3. Nc3 d6 4. Be3 a6 5. h3 Nd7 6. Nf3 b5 7. g4 Bb7 8. a3 Ngf6 9. Bd3 c5 10.
dxc5 Nxc5 11. Qe2 Nfxe4 12. Nxe4 Nxe4 13. Bf4 Bxb2 14. O-O Nc3 0-1

[Event "Early-Titled-Tuesday-Blitz-October-03-2023"]
[Site "Chess.com"]
[Date "2023.10.03"]
[Round "11"]
[White "Darko-Dimitrijevic"]
[Black "JACK_BAU3R"]
[Result "0-1"]
[WhiteElo "2163"]
[BlackElo "2039"]
[TimeControl "180+1"]
[EndTime "10:03:30 PDT"]
[Termination "JACK_BAU3R won by resignation"]

1. c4 d6 2. g3 Nf6 3. Bg2 Nbd7 4.
b3 g6 5. Bb2 Bg7 6. Nf3 O-O 7.
Nc3 c6 8. Qc2 e5 9. d4 Qc7 10. O-O Re8 11. Rfe1 h6 12. e4 Nf8 13. Rad1 Bg4 14. h3 Bxf3 15. Bxf3 exd4 16. Rxd4 Rad8 17.
Rd2 d5 18. cxd5 cxd5 19. Qd1 dxe4 20. Nxe4 Nxe4 21. Bxg7 Nxd2 22. Bxf8 Nxf3+ 0-1

[Event "Early-Titled-Tuesday-Blitz-October-03-2023"]
[Site "Chess.com"]
[Date "2023.10.03"]
[Round "11"]
[White "LeoLV10"]
[Black "Mysterio47"]
[Result "0-1"]
[WhiteElo "2583"]
[BlackElo "2719"]
[TimeControl "180+1"]
[EndTime "10:03:38 PDT"]
[Termination "Mysterio47 won by resignation"]

1. e4 e5 2. Nf3 Nc6 3. Bb5 a6 4.
Ba4 Nf6 5. O-O Be7 6. c3 Nxe4 7.
Re1 Nc5 8. Bxc6 dxc6 9. Nxe5 Be6 10. d4 Nd7 11. Nxd7 Qxd7 12. Bf4 O-O 13. Nd2 Rfe8 14. Nf3 Bd5 15. Ne5 Qf5 16. Bg3 Bd6 17. Qd3 Rxe5 18.
dxe5 Qxd3 19. exd6 cxd6 20. Rad1 Qg6 21. b3 b5 22. Rd4 h5 23. c4 bxc4 24. bxc4 Be6 25.
Rxd6 Rc8 26. Rd4 c5 27. Rd2 Qg5 28. f4 Qg6 29. Rc1 Qg4 30. Rd3 h4 31. h3 Qg6 32.
f5 Bxf5 33. Rd6 Qxg3 0-1

[Event "Early-Titled-Tuesday-Blitz-October-03-2023"]
[Site "Chess.com"]
[Date "2023.10.03"]
[Round "11"]
[White "Yushko_Olga"]
[Black "KorolDimitriy75"]
[Result "0-1"]
[WhiteElo "2110"]
[BlackElo "2378"]
[TimeControl "180+1"]
[EndTime "10:03:45 PDT"]
[Termination "KorolDimitriy75 won by resignation"]

1. d4 Nf6 2. c4 c5 3. d5 b5 4.
cxb5 a6 5. b6 d6 6. Nc3 Nbd7 7.
e4 g6 8. Nf3 Bg7 9. h3 O-O 10.
Bd3 Nxb6 11. O-O e6 12. dxe6 Bxe6 13. e5 dxe5 14. Nxe5 Nfd5 15. Nxd5 Nxd5 16. Nf3 Nb4 17.
Be4 Qxd1 18. Rxd1 Rad8 19. Be3 Bxb2 20. Rab1 Rxd1+ 21. Rxd1 Nxa2 22. Bxc5 Rc8 23. Be3 Nc3 24. Rd4 Ne2+ 0-1

[Event "Early-Titled-Tuesday-Blitz-October-03-2023"]
[Site "Chess.com"]
[Date "2023.10.03"]
[Round "11"]
[White "Henryk_S"]
[Black "Doudou2015"]
[Result "1-0"]
[WhiteElo "2152"]
[BlackElo "2156"]
[TimeControl "180+1"]
[EndTime "10:03:54 PDT"]
[Termination "Henryk_S won by resignation"]

1. e4 e5 2. Nf3 Nc6 3. Nc3 Nf6 4. Bb5 Bb4 5. O-O Bxc3 6. dxc3 d6 7. Bg5 h6 8. Bh4 g5 9. Bg3 Nh5 10. Nxe5 Nxg3 11. Nxc6 bxc6 12. Bxc6+ Bd7 13. Bxd7+ Qxd7 14. hxg3 h5 15. Qd5 Rb8 16. Qxg5 Rxb2 17. Rab1 1-0

[Event "Early-Titled-Tuesday-Blitz-October-03-2023"]
[Site "Chess.com"]
[Date "2023.10.03"]
[Round "11"]
[White "Lady_Nika"]
[Black "ploxoi"]
[Result "1-0"]
[WhiteElo "2536"]
[BlackElo "2456"]
[TimeControl "180+1"]
[EndTime "10:04:07 PDT"]
[Termination "Lady_Nika won by checkmate"]

1. e4 c5 2. Nc3 e6 3. g3 Nc6 4.
Bg2 g6 5. d3 Bg7 6. Be3 Nd4 7.
Rb1 Ne7 8. Nce2 O-O 9. c3 Nxe2 10. Nxe2 d6 11. O-O Rb8 12. f4 b5 13. a3 a5 14.
g4 f5 15. Ng3 Bb7 16. Qe2 b4 17. axb4 axb4 18. c4 Ra8 19. Kh1 Ra2 20. Rg1 Qa8 21.
h4 Nc6 22. gxf5 exf5 23. exf5 gxf5 24. Bd5+ Kh8 25. Qg2 Nd8 26. Nxf5 Bxd5 27. cxd5 Bxb2 28. Rxb2 Rxb2 29. Qg7# 1-0

[Event "Early-Titled-Tuesday-Blitz-October-03-2023"]
[Site "Chess.com"]
[Date "2023.10.03"]
[Round "11"]
[White "IsuruAlahakoon"]
[Black "hellokostya"]
[Result "1-0"]
[WhiteElo "2351"]
[BlackElo "2544"]
[TimeControl "180+1"]
[EndTime "10:04:28 PDT"]
[Termination "IsuruAlahakoon won by resignation"]

1. Nf3 Nf6 2. d4 g6 3. Nc3 d5 4. Bf4 Bg7 5. Nb5 Na6 6. e3 c6 7.
Nc3 O-O 8. h4 h5 9. Be2 Nc7 10.
Ne5 Nce8 11. Qd2 Nd6 12. f3 Bf5 13. O-O-O Rc8 14. g4 hxg4 15. e4 gxf3 16. exf5 fxe2 17.
Qxe2 Nxf5 18. h5 Nxh5 19. Rxh5 gxh5 20. Qxh5 e6 21. Rh1 Nh6 22. Bxh6 Qf6 23. Rg1 1-0

[Event "Early-Titled-Tuesday-Blitz-October-03-2023"]
[Site "Chess.com"]
[Date "2023.10.03"]
[Round "11"]
[White "goldihouse"]
[Black "PoXerStar"]
[Result "1-0"]
[WhiteElo "2602"]
[BlackElo "2444"]
[TimeControl "180+1"]
[EndTime "10:05:00 PDT"]
[Termination "goldihouse won by resignation"]

1. c4 Nf6 2. g3 c5 3. Bg2 Nc6 4.
Nc3 g6 5. a3 Bg7 6. Rb1 b6 7.
b4 cxb4 8. axb4 Bb7 9. d3 O-O 10. Nh3 d6 11. Nf4 Nd7 12. Bd2 a5 13. bxa5 Nxa5 14.
O-O Bxg2 15. Nxg2 Nc5 16. Nd5 Nc6 17. Nxb6 e6 18. Nxa8 Qxa8 19. Ne1 h5 20. h4 Ne5 21. d4 Nxc4 22. dxc5 dxc5 23. Bg5 Ne5 24. Nf3 Ng4 25. Qd7 Qe4 26. Qd3 Qc6 27. Rfc1 e5 28. Qc4 e4 29. Nh2 Bd4 30. Nxg4 hxg4 31. Qxd4 1-0

[Event "Early-Titled-Tuesday-Blitz-October-03-2023"]
[Site "Chess.com"]
[Date "2023.10.03"]
[Round "11"]
[White "kritipatel"]
[Black "Jojo_898"]
[Result "0-1"]
[WhiteElo "2149"]
[BlackElo "2373"]
[TimeControl "180+1"]
[EndTime "10:05:02 PDT"]
[Termination "Jojo_898 won by resignation"]

1. e4 d6 2. d4 Nf6 3. Bd3 g6 4. f4 Bg7 5. Nf3 O-O 6. h3 Nbd7 7. Be3 e5 8. O-O Nh5 9. fxe5 dxe5 10.
d5 Qe7 11. Qd2 Nc5 12. Bg5 f6 13. Bh6 Ng3 14. Rd1 Ncxe4 15. Bxe4 Nxe4 16. Qe3 Bxh6 17.
Qxe4 Qc5+ 18. Kh1 Bf5 19. Qh4 Bxc2 20. Rf1 Bf4 21. Nc3 Bd3 22. Rfd1 Bc2 23. Rf1 g5 24.
Qg4 Rae8 25. h4 h6 26. Qh5 Kg7 27. Ne2 Bg6 28. Qg4 f5 0-1

[Event "Early-Titled-Tuesday-Blitz-October-03-2023"]
[Site "Chess.com"]
[Date "2023.10.03"]
[Round "11"]
[White "ljuks68"]
[Black "APOKALIPSA13"]
[Result "0-1"]
[WhiteElo "2376"]
[BlackElo "2178"]
[TimeControl "180+1"]
[EndTime "10:05:04 PDT"]
[Termination "APOKALIPSA13 won by resignation"]

1. e4 e5 2. Nf3 d5 3. exd5 e4 4. Qe2 Nf6 5. d3 Qxd5 6. Nbd2 Be7 7. dxe4 Qc6 8. Qb5 O-O 9. Qxc6 Nxc6 10. c3 Re8 11.
Bd3 Bg4 12. O-O Rad8 13. Bc2 Bd6 14. Re1 b5 15. Nf1 Bxf3 16. gxf3 Ne5 17. Kg2 Nh5 18. f4 Ng6 19. f5 Nhf4+ 20. Kf3 Nh4+ 21. Kg4 Nhg2 22.
Ng3 Nxe1 0-1

[Event "Early-Titled-Tuesday-Blitz-October-03-2023"]
[Site "Chess.com"]
[Date "2023.10.03"]
[Round "11"]
[White "DenLaz"]
[Black "Alexandr_Predke"]
[Result "1-0"]
[WhiteElo "3070"]
[BlackElo "2881"]
[TimeControl "180+1"]
[EndTime "10:05:06 PDT"]
[Termination "DenLaz won by resignation"]

1. d4 Nf6 2. c4 e6 3. Nf3 b6 4. g3 Bb7 5. Bg2 Bb4+ 6. Bd2 a5 7. O-O O-O 8. Bf4 Be7 9. Qc2 Be4 10. Qc1 Nc6 11. Rd1 a4 12. Nc3 Bg6 13. Ne5 Qe8 14.
Nxg6 fxg6 15. d5 exd5 16. cxd5 Na5 17. d6 Bxd6 18. Bxd6 cxd6 19. Bxa8 Qxa8 20. Qf4 d5 21. Qxa4 Rc8 22. Qb5 Nc4 23. Nxd5 Rc5 24. Nxf6+ gxf6 25. Qxd7 Qe4 26. Qd8+ Kg7 27. Rd7+ Kh6 28. Qxf6 Qxe2 29. Qh4+ Rh5 30. Qf4+ 1-0

[Event "Early-Titled-Tuesday-Blitz-October-03-2023"]
[Site "Chess.com"]
[Date "2023.10.03"]
[Round "11"]
[White "Denis_Makhnyov"]
[Black "borocotoajua"]
[Result "1-0"]
[WhiteElo "2909"]
[BlackElo "2611"]
[TimeControl "180+1"]
[EndTime "10:05:12 PDT"]
[Termination "Denis_Makhnyov won by checkmate"]

1. d4 Nf6 2. Bg5 g6 3. Bxf6 exf6 4. g3 Bg7 5. Bg2 O-O 6. e3 f5 7. Ne2 d6 8. c4 c5 9. Nbc3 Nc6 10. Qd2 Re8 11. O-O cxd4 12. exd4 Bd7 13. Rad1 Rc8 14. b3 h5 15. h4 a6 16. Rfe1 Kh7 17. a4 Bh6 18.
Qd3 f4 19. Nxf4 Bxf4 20. gxf4 Qxh4 21. Nd5 Be6 22. Qg3 Qxg3 23. Nf6+ Kh6 24. fxg3 Bg4 25. Nxe8 Bxd1 26. Nxd6 Bg4 27. Nxc8 Bxc8 28. d5 Nd4 29. b4 Bd7 30. a5 Nf5 31. Kf2 Kg7 32. c5 Kf6 33. c6 bxc6 34. dxc6 Bc8 35. c7 Nd6 36. Bd5 Kf5 37. Rc1 h4 38. Rc6 hxg3+ 39. Kxg3 Nb5 40. Bxf7 Nd4 41. Bxg6# 1-0